 Dungeon Crawl Stone Soup version 0.17.0-26-gececa24 (webtiles) character file.

3467 Arkorax the Fighter (level 9, 0/85 HPs)
             Began as a White Draconian Monk on Nov 20, 2015.
             Was a High Priest of Zin.
             Hit by a steel tomahawk thrown by an orc warrior (13 damage)
             ... on level 7 of the Dungeon.
             The game lasted 00:14:13 (7425 turns).

Arkorax the Fighter (White Draconian Monk)          Turns: 7425, Time: 00:14:13

Health: 0/85       AC: 13    Str: 17    XL:     9   Next: 78%
Magic:  9/9        EV: 16    Int: 11    God:    Zin [*****.]
Gold:   85         SH:  0    Dex: 16    Spells: 0 memorised, 8 levels left

rFire  . . .     SeeInvis .       - Unarmed
rCold  + . .     Clarity  .     (armour unavailable)
rNeg   . . .     SustAt   .     (no shield)
rPois  ∞         Gourm    .     (helmet restricted)
rElec  .         Spirit   .     j - +2 cloak
rCorr  +         Warding  .     k - +2 pair of gloves
rMut   .         Stasis   .     (no boots)
MR     .....                    y - amulet of resist corrosion
Stlth  ++........               (no ring)
                                (no ring)

@: vitalised, not resistant to hostile enchantments, unstealthy
A: breathe frost, unfitting armour, cold resistance 1, sense surroundings 1,
cold-blooded, AC +7
a: Breathe Frost, Recite, Vitalisation, Imprison, Sanctuary, Donate Gold,
Renounce Religion


You were on level 7 of the Dungeon.
You worshipped Zin.
Zin was extremely pleased with you.
You were not hungry.

You visited 2 branches of the dungeon, and saw 8 of its levels.

You collected 353 gold pieces.
You spent 154 gold pieces at shops.
You donated 114 gold pieces to Zin.

Inventory:

Armour
 j - a +2 cloak (worn)
 k - a +2 pair of gloves (worn)
 p - a +0 shield
Jewellery
 y - an amulet of resist corrosion (around neck)
Wands
 v - a wand of lightning (7)
Scrolls
 c - a scroll of fear
 d - 4 scrolls of teleportation
 e - a scroll of enchant weapon {unknown}
 g - a scroll of amnesia {unknown}
 i - 6 scrolls of identify
 m - 5 scrolls of remove curse {unknown}
 o - a scroll of random uselessness {unknown}
 q - a scroll of enchant armour
 s - a scroll of immolation {unknown}
 t - a scroll of magic mapping {unknown}
 x - a scroll of fog {unknown}
Potions
 b - a potion of might
 h - 2 potions of curing
 r - a potion of berserk rage
 u - 2 potions of ambrosia
 z - a potion of flight {unknown}
Comestibles
 a - 5 bread rations
 f - 3 meat rations
 l - 3 slices of pizza
 n - 4 fruits
 w - 3 beef jerkies


   Skills:
 + Level 10.2 Fighting
 + Level 6.7 Dodging
 - Level 1.7 Stealth
 + Level 9.5 Unarmed Combat


You had 8 spell levels left.
You didn't know any spells.

Dungeon Overview and Level Annotations

Branches:
Dungeon (7/15)             Temple (1/1) D:4

Altars:
Ashenzari
Dithmenos
Elyvilon
Fedhas
Kikubaaqudgha
Nemelex Xobeh
Okawaru
Qazlal
Ru
Trog
Vehumet
Xom
Yredelemnul
Zin
The Shining One

Shops:
D:5 ((?%

Annotations:
D:2 1 exclusion, Crazy Yiuf


Innate Abilities, Weirdness & Mutations

You can breathe waves of freezing cold.
You can buffet flying creatures when you breathe cold.
Your icy white scales are hard (AC +7).
Your body does not fit into most forms of armour.
Your flesh is cold resistant.
You are cold-blooded and may be slowed by cold attacks.
You passively map a small area around you.


Message History

You are too injured to fight recklessly!
You are too injured to fight recklessly!
You are too injured to fight recklessly!
You are too injured to fight recklessly!
You are too injured to fight recklessly!
You are too injured to fight recklessly!
You are too injured to fight recklessly!
You are too injured to fight recklessly!
You are too injured to fight recklessly!
You are too injured to fight recklessly!
You are too injured to fight recklessly!
You are too injured to fight recklessly!
You are too injured to fight recklessly!
You are too injured to fight recklessly!
Unknown command.
The orc warrior throws a steel tomahawk.
The steel tomahawk closely misses you. The orc hits you but does no damage.
The orc warrior throws a steel tomahawk.
The steel tomahawk hits you!
You die...

+.....,#.....#....#...# ...
#......+.....'....#...# ...
#......#.....#....#...# ...
#......#.....#....'...# ..
#....##..####....##### #
#....##..##.###....####
#....#....#......(.'....#..#
#....#....'........#....'..#
#....#....#.....@..#....#..#
#....#....#........#....#..#
#...##..####..###†##....#..#
#...##..# #..#*#oo#....####
....#...# .....,ooo#....#
....'...+..,.......#....#
##..###### ,.<###.#....##
##..#### ** .. *.##....#
#......# ..,, ..#....#


You could see an orc warrior and 3 orcs.

Vanquished Creatures
  Pikel (D:5)
  Grinder (D:2)
  A hungry ghost (D:6)
  A water moccasin (D:7)
  2 black bears (D:6)
  2 slaves (D:5)
  An orc warrior (D:6)
  4 ice beasts
  A centaur (D:6)
  A phantom (D:6)
  3 giant frogs
  Blork the orc (D:5)
  2 water moccasin zombies
  3 scorpions
  3 wights (D:7)
  6 crimson imps
  5 killer bees (D:7)
  2 giant frog zombies
  A hound (D:6)
  5 orc wizards
  2 worker ants
  Jessica (D:2)
  3 iguanas
  An orc priest (D:4)
  A hound skeleton (D:4)
  Robin (D:1)
  8 gnolls
  5 adders
  A shadow imp (D:6)
  2 worms
  4 giant geckos
  12 orcs
  11 bats
  4 giant cockroaches
  16 goblins
  14 hobgoblins
  11 jackals
  8 kobolds
  3 quokkas
  2 ball pythons
  A giant gecko zombie (D:3)
  6 giant newts
  6 rats
  A bush (D:6)
170 creatures vanquished.

Notes
Turn   | Place    | Note
--------------------------------------------------------------
     0 | D:1      | Arkorax the Draconian Monk began the quest for the Orb.
     0 | D:1      | Reached XP level 1. HP: 19/19 MP: 1/1
   339 | D:1      | Reached XP level 2. HP: 25/27 MP: 2/2
   733 | D:2      | Noticed Robin
   746 | D:2      | Noticed Jessica
   762 | D:1      | Killed Robin
   762 | D:1      | Reached XP level 3. HP: 9/33 MP: 3/3
  1152 | D:2      | Killed Jessica
  1154 | D:2      | Reached XP level 4. HP: 32/41 MP: 4/4
  1398 | D:2      | Found a sacrificial altar of Ru.
  1414 | D:2      | Reached skill level 5 in Unarmed Combat
  1436 | D:2      | Found a radiant altar of Vehumet.
  1438 | D:2      | Found a shadowy altar of Dithmenos.
  1438 | D:2      | Found a sparkling altar of Nemelex Xobeh.
  1758 | D:2      | Noticed Crazy Yiuf
  2278 | D:3      | Reached skill level 5 in Fighting
  2278 | D:3      | Reached XP level 5. HP: 35/48 MP: 5/5
  2783 | D:3      | Noticed a giant frog
  2784 | D:3      | Noticed Grinder
  2809 | D:3      | Killed a giant frog
  3054 | D:3      | Paralysed by Grinder for 5 turns
  3075 | D:2      | Reached XP level 6. HP: 19/57 MP: 6/6
  3076 | D:2      | Killed Grinder
  3076 | D:2      | Reached skill level 6 in Fighting
  3527 | D:3      | Your scales start taking on an icy white colour.
  3527 | D:3      | Gained mutation: Your flesh is cold resistant. [White Draconian growth]
  3527 | D:3      | Reached XP level 7. HP: 51/64 MP: 7/7
  4022 | D:4      | Found a glowing golden altar of the Shining One.
  4025 | D:4      | Found a stormy altar of Qazlal.
  4085 | D:4      | Found a staircase to the Ecumenical Temple.
  4100 | D:4      | Reached skill level 7 in Fighting
  4116 | Temple   | Entered the Ecumenical Temple
  4324 | Temple   | Became a worshipper of Zin the Law-Giver
  4324 | Temple   | Reached * piety under Zin
  4324 | Temple   | Reached ** piety under Zin
  4325 | Temple   | Donated 79 gold pieces to Zin
  4409 | D:4      | Reached *** piety under Zin
  4904 | D:5      | Entered Level 5 of the Dungeon
  5070 | D:5      | Noticed Blork the orc
  5076 | D:5      | Killed Blork the orc
  5117 | D:5      | Reached XP level 8. HP: 66/74 MP: 8/8
  5242 | D:5      | Found Fawuot's Antique Weapon Emporium.
  5278 | D:5      | Noticed Pikel
  5291 | D:5      | Found Fafar's Weapon Shoppe.
  5359 | D:5      | Gained mutation: You passively map a small area around you. [potion of mutation]
  5685 | D:5      | Killed Pikel
  5685 | D:5      | Reached skill level 8 in Fighting
  5803 | D:5      | Reached skill level 5 in Dodging
  5843 | D:5      | Found Vuloj's Food Shop.
  5872 | D:5      | Found Qiogesew's Magic Scroll Boutique.
  5875 | D:5      | Bought a scroll of enchant armour for 105 gold pieces
  5875 | D:5      | Bought a scroll of fear for 49 gold pieces
  5964 | D:6      | Reached **** piety under Zin
  6023 | D:6      | Reached skill level 9 in Fighting
  6023 | D:6      | Reached XP level 9. HP: 63/83 MP: 9/9
  6296 | D:6      | Found an ancient bone altar of Kikubaaqudgha.
  7244 | D:7      | Reached skill level 10 in Fighting
  7329 | D:7      | Reached ***** piety under Zin
  7425 | D:7      | Hit by a steel tomahawk thrown by an orc warrior

Action                   |  1- 3 |  4- 6 |  7- 9 || total
-------------------------+-------+-------+-------++-------
Melee: Unarmed           |    82 |   224 |   505 ||   811
Invok: Donate Gold       |       |       |     1 ||     1
       Vitalisation      |       |       |     1 ||     1
 Abil: Breathe Frost     |       |       |     4 ||     4
  Use: Scroll            |       |     2 |     6 ||     8
       Potion            |       |     2 |     5 ||     7
 Stab: Sleeping          |     2 |     3 |     3 ||     8
  Eat: Bread ration      |       |     1 |     3 ||     4
       Meat ration       |       |     1 |       ||     1
       Chunk             |       |       |     1 ||     1
